 Dungeon Crawl Stone Soup version 0.28-a0-793-g31680bbd8b (webtiles) character file.

Game seed: 7962823586747102483

18 cheechan the Chopper (level 2, -2/19 HPs)
             Began as an Octopode Gladiator on Nov 4, 2021.
             Slain by an adder (4 damage)
             ... on level 2 of the Dungeon.
             The game lasted 00:02:02 (815 turns).

cheechan the Chopper (Octopode Gladiator)            Turns: 815, Time: 00:02:03

Health: -2/19      AC:  1    Str: 13    XL:     2   Next: 66%
Magic:  2/2        EV: 14    Int: 10    God:
Gold:   20         SH:  0    Dex: 13    Spells: 1/1 levels left

rFire   . . .      SeeInvis .   a - +0 war axe
rCold   . . .      Faith    .   (no shield)
rNeg    . . .      Spirit   .   b - +0 hat
rPois   .          Reflect  .   (no amulet)
rElec   .          Harm     .   (no ring)
rCorr   .          Rampage  .   (no ring)
Will    .....                   (no ring)
Stlth   ++........              (no ring)
HPRegen 0.06/turn               (no ring)
MPRegen 0.08/turn               (no ring)
                                (no ring)
                                (no ring)

@: lethally poisoned (-2 -> -5)
A: almost no armour, amphibious, 8 rings, camouflage 1, gelatinous body 1,
(nimble swimmer 1), tentacles
a: no special abilities


You were on level 2 of the Dungeon.
You visited 1 branch of the dungeon, and saw 2 of its levels.

You collected 20 gold pieces.

Inventory:

Hand Weapons
 a - a +0 war axe (weapon)
 f - a +0 mace
Missiles
 c - 3 throwing nets (quivered)
 d - 38 arrows
Armour
 b - a +0 hat (worn)
Potions
 e - a potion of ambrosia {unknown}


   Skills:
 + Level 2.0 Fighting
 + Level 3.4 Axes
 + Level 2.0 Throwing
 + Level 3.4 Dodging
 + Level 0.4 Stealth


You had one spell level left.
You didn't know any spells.
Your spell library was empty.

Dungeon Overview and Level Annotations

Branches:
Dungeon (1/15)

Altars:


Innate Abilities, Weirdness & Mutations

You cannot wear most types of armour.
You are amphibious.
You can wear up to eight rings at the same time.
Your skin changes colour to match your surroundings (Stealth+).
Your rubbery body absorbs attacks. (AC +1, EV +1)
((You are camouflaged near water. (Stealth+)))
You have tentacles for arms and can constrict up to eight enemies at once.


Message History

The kobold hits you with a +0 short sword.
You closely miss the kobold. You grab the kobold.
You squeeze the kobold, but do no damage.
The kobold is moderately wounded.
You constrict the kobold.
You kill the kobold!
Things that are here:
a +0 short sword; 4 stones
d - 38 arrows (gained 16)
You see here a +0 club.
You fall into a shaft and drop 1 floor!
The shaft crumbles and collapses.
A kobold comes into view. It is wielding a +0 dagger.
Found a brown potion.
The kobold shouts!
You hear an angry hiss.
An adder comes into view.
The adder hisses angrily.
You hit the kobold. Your grab misses the kobold. You squeeze the kobold.
You kill the kobold!
The adder bites you.
You are poisoned.
The adder poisons you!
You see here a +0 dagger.
A frilled lizard comes into view.
You feel sick. The adder bites you.
You are lethally poisoned!
The adder poisons you!
The frilled lizard moves out of view.
You feel very sick. The adder completely misses you.
The adder barely misses you.
You see here a +0 dagger.
You closely miss the adder. Your grab misses the adder.
Your squeeze misses the adder.
You feel sick. The adder barely misses you.
You closely miss the adder. Your grab misses the adder.
* * * LOW HITPOINT WARNING * * *
You feel sick. The adder completely misses you. The adder bites you.
* * * LOW HITPOINT WARNING * * *
You closely miss the adder. You grab the adder. You constrict the adder.
* * * LOW HITPOINT WARNING * * *
You feel sick. The adder bites you.
You die...

# #. .. .#
.#.#. ....#
#.#.#.####
.........#
.#.#.#...###
....##S@...####
#............
...............
.#.###.....####
.. #.....# .
#.!...# #.....#
#.....# #......


You could see an adder.

Vanquished Creatures
  An endoplasm (D:1)
  A giant cockroach (D:1)
  2 goblins (D:1)
  A hobgoblin (D:1)
  3 quokkas (D:1)
  2 ball pythons (D:1)
  A bat (D:1)
  3 frilled lizards (D:1)
  2 kobolds
  2 rats (D:1)
18 creatures vanquished.

Vanquished Creatures (others)
  A fungus (D:1)
1 creature vanquished.

Grand Total: 19 creatures vanquished

Notes
Turn   | Place    | Note
-------+----------+-------------------------------------------
     0 | D:1      | cheechan the Octopode Gladiator began the quest for the
                  | Orb.
     0 | D:1      | Reached XP level 1. HP: 14/14 MP: 1/1
   375 | D:1      | Reached XP level 2. HP: 13/19 MP: 2/2
   807 | D:1      | You fall into a shaft and drop 1 floor!
   815 | D:2      | Slain by an adder

Illustrated notes

Levels and vault maps discovered:
D:1:      dpeg_arrival_prison, layout_basic,
          dreamdust_ecumenical_altar_angels_and_demons, st_stairs_10
D:2:      layout_basic, basic_altar, serial_glass, glass_columns_c,
          glass_columns_b, hex_medium, uniq_jessica

Action                   || total
-------------------------++-------
Melee: War axe           ||    32
       Constrict         ||    11
       Tentacles         ||     5
  Use: Scroll            ||     1
 Stab: Sleeping          ||     1
Armor: Skin              ||     1
Dodge: Dodged            ||    23

Table legend: (Time is in decaauts)
 A = Elapsed time spent in this place.
 B = Non-inter-level travel time spent in this place.
 C = Inter-level travel time spent in this place.
 D = Time resting spent in this place.
 E = Time spent auto-exploring this place.
 F = Levels seen in this place.
 G = Mean time per level.
                   A        B        C        D        E       F      G
               +--------+--------+--------+--------+--------+-----+--------+
         Total |    825 |    825 |      0 |    183 |      0 |   2 |  412.5 |
       Dungeon |    825 |    825 |      0 |    183 |      0 |   2 |  412.5 |
               +--------+--------+--------+--------+--------+-----+--------+

Top non-repeatable levels by time:
     D:1: 816 daAuts
     D:2: 8 daAuts
